 Dungeon Crawl Stone Soup version 0.32-a0-391-gce5c0aab1b (webtiles) character file.

Game seed: 1506850771478506642

6 shadowstone the Vexing (level 1, -2/14 HPs)
             Began as a Coglin Enchanter on Feb 19, 2024.
             Slain by a jackal (3 damage)
             ... on level 1 of the Dungeon.
             The game lasted 00:00:12 (45 turns).

shadowstone the Vexing (Coglin Enchanter)             Turns: 45, Time: 00:00:13

Health: -2/14      AC:  2    Str:  8    XL:     1   Next: 90%
Magic:  3/3        EV: 12    Int: 14    God:
Gold:   0          SH:  0    Dex: 14    Spells: 3/3 levels left

rFire   . . .        a - +1 dagger {Gustavo}
rCold   . . .        (no shield)
rNeg    . . .        b - +0 robe
rPois   .            (no helmet)
rElec   .            (no cloak)
rCorr   .            (no gloves)
SInv    .            (no boots)
Will    .....        (no amulet)
Stlth   ++           (no ring)
HPRegen 0.22/turn    (no ring)
MPRegen 0.08/turn

%: no passive effects
@: revved, stiff-legged, very slow
A: off-hand wielding, slow wielding, warmup strikes, warmup strides
a: no special abilities


You were on level 1 of the Dungeon.
You visited 1 branch of the dungeon, and saw 1 of its levels.

Inventory:

Hand Weapons
 a - a +1 dagger (weapon) {Gustavo}
Armour
 b - a +0 robe (worn)
Talismans
 d - a flux talisman
Potions
 c - 2 potions of invisibility


   Skills:
 + Level 0.6 Fighting
 + Level 0.8 Short Blades
 + Level 1.7 Dodging
 + Level 2.6 Stealth
 + Level 1.7 Spellcasting
 + Level 2.7 Hexes


You had 3 spell levels left.
You didn't know any spells.
Your spell library contained the following spells:

 Spells                   Type           Power      Damage    Failure   Level
 Ensorcelled Hibernation  Hex/Ice        10%        N/A       22%         2
 Confusing Touch          Hex            8%         N/A       24%         3
 Tukima's Dance           Hex            8%         N/A       24%         3
 Dazzling Flash           Conj/Hex       10%        N/A       38%         3


Dungeon Overview and Level Annotations

Branches:
Dungeon (1/15)

Altars:


Innate Abilities, Weirdness & Mutations

You can wield a second weapon in your off-hand.
It takes a long time for you to wield or remove held weapons.
Your first few attacks do less damage.
Your first movements take longer.


Message History

The frilled lizard closely misses you. The kobold closely misses you.
You hit the kobold.
You kill the kobold!
A ball python comes into view.
The frilled lizard hisses.
The frilled lizard bites you. The jackal barely misses you.
You hit the jackal.
The jackal is heavily wounded.
The jackal bites you.
You hit the jackal.
The jackal is almost dead.
The frilled lizard bites you. The jackal barely misses you. x2
You hit the jackal but do no damage.
The jackal is almost dead.
The jackal barely misses you. The jackal misses you.
The frilled lizard closely misses you. The jackal misses you.
The jackal barely misses you. The jackal bites you.
You hit the jackal.
You kill the jackal!
The frilled lizard barely misses you. The jackal closely misses you.
The jackal bites you.
You hit the hobgoblin.
The hobgoblin is severely wounded.
The jackal barely misses you. The hobgoblin hits you.
* * * LOW HITPOINT WARNING * * *
The frilled lizard bites you but does no damage.
The jackal barely misses you.
You hit the hobgoblin.
The hobgoblin is almost dead.
The jackal bites you.
* * * LOW HITPOINT WARNING * * *
The jackal bites you.
* * * LOW HITPOINT WARNING * * *
The frilled lizard closely misses you. The hobgoblin closely misses you.
The jackal bites you but does no damage.
The jackal closely misses you.
You hit the hobgoblin.
You kill the hobgoblin!
The frilled lizard misses you. The jackal bites you.
You die...

..... . .... .#.
...### #.. #....#...
#....#.# #......
#.hSh# #.)@.#
#.###...l#####.
#..............
#####.#........
#.#####........###..
...............# .
#.#####.##..........
#.######...... #.#
...##.


You could see 2 jackals, a ball python and a frilled lizard.

Vanquished Creatures
  A giant cockroach (D:1)
  A hobgoblin (D:1)
  A jackal (D:1)
  A kobold (D:1)
4 creatures vanquished.

Notes
Turn   | Place    | Note
-------+----------+-------------------------------------------
     0 | D:1      | shadowstone the Coglin Enchanter began the quest for the
                  | Orb.
     0 | D:1      | Reached XP level 1. HP: 13/13 MP: 3/3
    45 | D:1      | Slain by a jackal

Illustrated notes

Levels and vault maps discovered:
D:1:      scummos_arrival_forest, layout_loops_ring, serial_shops, shop_statue,
          shop_fountains, shop

Action                     || total
---------------------------++-------
  Melee: Dagger            ||    10
 Armour: Robe              ||    14
  Dodge: Dodged            ||    19

Table legend: (Time is in decaauts)
 A = Elapsed time spent in this place.
 B = Non-inter-level travel time spent in this place.
 C = Inter-level travel time spent in this place.
 D = Time resting spent in this place.
 E = Time spent auto-exploring this place.
 F = Levels seen in this place.
 G = Mean time per level.
                   A        B        C        D        E       F      G
               +--------+--------+--------+--------+--------+-----+--------+
         Total |     46 |     46 |      0 |      0 |     20 |   1 |   46.0 |
       Dungeon |     46 |     46 |      0 |      0 |     20 |   1 |   46.0 |
               +--------+--------+--------+--------+--------+-----+--------+

Top non-repeatable levels by time:
     D:1: 46 daAuts
